 Dungeon Crawl Stone Soup version 0.22-b1-21-g5cfc168 (webtiles) character file.

66 tyranidshit the Skirmisher (level 3, -11/30 HPs)
             Began as a Demonspawn Abyssal Knight on Aug 2, 2018.
             Was a Follower of Lugonu.
             Killed by divine providence
             ... invoked by an orc priest
              (16 damage)
             ... on level 4 of the Dungeon.
             The game lasted 00:06:34 (2247 turns).

tyranidshit the Skirmisher (DsAK)                   Turns: 2247, Time: 00:06:34

Health: -11/30     AC:  9    Str: 13    XL:     3   Next: 96%
Magic:  4/4        EV:  1    Int: 13    God:    Lugonu [*.....]
Gold:   172        SH: 18    Dex: 14    Spells: 2/2 levels left

rFire    . . .     SeeInvis .   a - +1 hand axe
rCold    . . .     Gourm    .   d - +0 large shield
rNeg     . . .     Faith    .   o - +0 chain mail
rPois    .         Spirit   .   (no helmet)
rElec    .         Reflect  .   (no cloak)
rCorr    .         Harm     .   (no gloves)
MR       .....                  k - +0 pair of boots
Stlth    ..........             m - amulet of magic regeneration
HPRegen  0.10/turn              (no ring)
MPRegen  0.34/turn              (no ring)

@: lethally poisoned (-11 -> -17)
A: large bone plates 2, agile 1, deterioration 1, mutation resistance 1
a: Depart the Abyss, Renounce Religion


You were on level 4 of the Dungeon.
You worshipped Lugonu.
Lugonu was aware of your devotion.
You were not hungry.

You visited 1 branch of the dungeon, and saw 4 of its levels.
You visited the Abyss 1 time.

You collected 172 gold pieces.

Inventory:

Hand Weapons
 a - a +1 hand axe (weapon)
 n - a +0 dagger of electrocution
Armour
 d - a +0 large shield (worn)
 k - a +0 pair of boots (worn)
 o - a +0 chain mail (worn)
Jewellery
 m - an amulet of magic regeneration (around neck)
 q - an uncursed amulet of rage
Scrolls
 f - a scroll of fog
 h - a scroll of remove curse
 i - 2 scrolls of teleportation
 j - 4 scrolls of identify
Potions
 e - 3 potions of haste
Comestibles
 c - 4 rations


   Skills:
 + Level 4.0 Fighting
 - Level 1.7 Axes
 - Level 1.7 Armour
 - Level 0.8 Dodging
 + Level 2.2 Shields
 - Level 2.4 Invocations


You had 2 spell levels left.
You didn't know any spells.
Your spell library was empty.

Dungeon Overview and Level Annotations

Branches:
Dungeon (4/15)
 Temple: D:4-7

Altars:


Innate Abilities, Weirdness & Mutations

You are mostly covered in large bone plates. (SH +6)
You are agile. (Dex +2)
Your body sometimes deteriorates upon taking damage.
You are somewhat resistant to further mutation.


Message History

The orc priest hits you but does no damage.
Unknown command.
You hit the orc priest.
The orc priest is moderately wounded.
You miss the adder. You hit the orc priest. You hit the adder but do no damage.
You feel sick. You block the adder's attack.
The adder bites you but does no damage. You block the orc priest's attack.
The orc priest hits you.
* * * LOW HITPOINT WARNING * * *
An orc comes into view. It is wielding a club.
The adder bites you.
* * * LOW HITPOINT WARNING * * *
You are more poisoned.
The adder poisons you! The adder bites you but does no damage.
The orc priest hits you.
* * * LOW HITPOINT WARNING * * *
The orc priest calls down the wrath of Beogh upon you.
Beogh smites you!
Ouch! That really hurt!
You die...

..# ....##.# ###
#...##.# #.......##.# #
#.#.#.......
.......#.##.#
###$#.#.#.##.########
#.....oS...#.<......####
#ZS@.....######.>...
.....o##o..### ######
..... #...# ...o #.###.#
#.. #. ... #. #. .### #
#. ## #.


You could see 2 orc priests, 2 adders, 2 orcs and a centaur skeleton.

Vanquished Creatures
  An adder (D:3)
  A dart slug (D:1)
  6 orcs
  8 bats
  A giant cockroach (D:3)
  5 goblins
  8 hobgoblins
  2 jackals (D:1)
  5 frilled lizards
  3 kobolds (D:2)
  6 rats
46 creatures vanquished.

Notes
Turn   | Place    | Note
-------+----------+-------------------------------------------
     0 | Abyss:1  | tyranidshit the Demonspawn Abyssal Knight began the quest for the Orb.
     0 | Abyss:1  | Reached XP level 1. HP: 18/18 MP: 2/2
    52 | D:1      | Escaped the Abyss
   140 | D:1      | Gained mutation: Your spells are a little harder to cast, but a little more powerful. [potion of mutation]
   140 | D:1      | Gained mutation: You have a beak for a mouth. [potion of mutation]
   154 | D:1      | Gained mutation: You are partially covered in large bone plates. (SH +4) [demonic ancestry]
   154 | D:1      | Reached XP level 2. HP: 8/24 MP: 3/3
   436 | D:1      | Reached skill level 1 in Shields
   454 | D:1      | Reached * piety under Lugonu
   819 | D:2      | Gained mutation: You are mostly covered in large bone plates. (SH +6) [demonic ancestry]
   819 | D:2      | Reached XP level 3. HP: 29/29 MP: 4/4
   827 | D:2      | Lost mutation: Your spells are a little harder to cast, but a little more powerful. [potion of mutation]
   827 | D:2      | Lost mutation: You have a beak for a mouth. [potion of mutation]
   827 | D:2      | Gained mutation: You are agile. (Dex +2) [potion of mutation]
   827 | D:2      | Gained mutation: Your body sometimes deteriorates upon taking damage. [potion of mutation]
   827 | D:2      | Gained mutation: You are somewhat resistant to further mutation. [potion of mutation]
  1984 | D:3      | Reached skill level 4 in Fighting
  2247 | D:4      | Killed from afar by an orc priest

Skill      XL: |  1  2  3 |
---------------+----------+-----
Shields        | 1 2 |  2.2
Fighting       | 4 |  4.0
Axes           | |  1.7
Armour         | |  1.7
Dodging        | |  0.8
Invocations    | |  2.4

Action                   || total
-------------------------++-------
Melee: Hand axe          ||   115
       Peck              ||     5
       Dagger            ||    23
Invok: Depart the Abyss  ||     1
  Use: Potion            ||     4
       Scroll            ||     6
  Eat: Ration            ||     2
Armor: Leather armour    ||     6
       Ring mail         ||    21
       Chain mail        ||    13
Dodge: Dodged            ||    26
Block: Large shield      ||   134
       Other             ||     1
